 Dungeon Crawl Stone Soup version 0.31-a0-702-gf82c85558f (webtiles) character file.

Game seed: 11907354158544920187

1764 qw the Skirmisher (level 9, -5/56 HPs)
             Began as a Gargoyle Hunter on Sept 8, 2023.
             Slain by a red ugly thing (6 damage)
             ... on level 6 of the Dungeon.
             The game lasted 00:02:06 (4585 turns).

qw the Skirmisher (Gargoyle Hunter)                 Turns: 4585, Time: 00:02:06

Health: -5/56      AC: 11    Str: 14    XL:     9   Next: 7%
Magic:  0/9        EV: 11    Int: 11    God:
Gold:   256        SH:  0    Dex: 17    Spells: 8/8 levels left

rFire   . . .        m - +0 orcbow
rCold   . . .        (shield currently unavailable)
rNeg    + . .        f - +0 ring mail
rPois   inf          (no helmet)
rElec   +            (no cloak)
rCorr   .            (no gloves)
SInv    .            (no boots)
Will    .....        d - amulet of guardian spirit
Stlth   +            (no ring)
HPRegen 0.29/turn    (no ring)
MPRegen 0.11/turn

%: guardian spirit
@: about to teleport, slowed, very slow
A: sickness immunity, AC +6, negative energy resistance 1, electricity
resistance, torment resistance 1, petrification resistance
a: no special abilities


You were on level 6 of the Dungeon.
You visited 2 branches of the dungeon, and saw 7 of its levels.

You collected 256 gold pieces.


Innate Abilities, Weirdness & Mutations

You are immune to sickness and miasma.
Your stone body is resilient. (AC +6)
You are immune to poison.
You resist negative energy. (rN+)
You are resistant to electric shocks. (rElec)
You are resistant to unholy torment.
You are immune to petrification.


   Skills:
 + Level 6.5 Fighting
 - Level 10.2 Ranged Weapons
 - Level 2.5 Armour
 - Level 2.1 Dodging
 - Level 1.1 Stealth


You had 8 spell levels left.
You didn't know any spells.
Your spell library was empty.

Inventory:

Hand Weapons
 m - a +0 orcbow (weapon)
Armour
 f - a +0 ring mail (worn)
Jewellery
 d - an amulet of guardian spirit (around neck)
Scrolls
 c - a scroll of identify
 j - a scroll of teleportation
Potions
 a - 2 potions of heal wounds
 b - 4 potions of enlightenment
 e - a potion of might {unknown}
 g - a potion of curing
 h - a potion of attraction {unknown}
 k - a potion of magic {unknown}

Dungeon Overview and Level Annotations

Branches:
Dungeon (6/15)             Temple (1/1) D:4

Altars:
Ashenzari
Dithmenos
Elyvilon
Fedhas
Gozag
Hepliaklqana
Makhleb
Nemelex Xobeh
Qazlal
Ru
Sif Muna
Trog
Uskayaw
Vehumet
Wu Jian
Xom
Yredelemnul
Zin
The Shining One


Message History

The bullfrog hits you but does no damage. x2
You shoot an arrow. The arrow hits the bullfrog.
You kill the bullfrog!
You start resting.
Magic restored.
You start resting.
HP restored.
You see here a bullfrog corpse.
You now have 256 gold pieces (gained 11).
You open the door.
A red ugly thing and a wraith come into view.
The red ugly thing gurgles horribly!
Found six items.
Enter note:
Enter note:
Enter note:
4581 |||
Found retreat position at 3,-1 (floor) with 0 blocking monsters and 1 monsters attacking at destination at distance 46
Enter note:
Enter note:
Enter note:
4581 ||| RETREATING.
You shoot an arrow. The arrow hits the red ugly thing!
The red ugly thing is lightly wounded.
The red ugly thing closely misses you.
Enter note:
Enter note:
Enter note: You shoot an arrow.
The arrow hits the red ugly thing but does no damage.
The red ugly thing is lightly wounded.
The red ugly thing claws you!
You are engulfed in flames!!
You shoot an arrow. The arrow hits the red ugly thing!
The red ugly thing is moderately wounded.
The red ugly thing claws you.
You are engulfed in flames!!
The wraith hits you! The wraith drains your vigour!
You feel yourself slow down.
4585 ||| READING 2 scrolls of teleportation.
As you read the scroll of teleportation, it crumbles to dust.
You feel strangely unstable. The red ugly thing claws you.
You die...

..#..#..#..# ##.....#####.#.
..#..#..#..# #.(..........#.
.....#.....# ##.##..#######.
.....#.....# ##.##..# #.
###################......#######.
.)...........).......###.........
..!......................#######.
####################.###.# #.
.....#.....#....@.##.# #.# #.
.....#.....#....uW##.# #.# #.
..#..#..#..#..###'##.###.# #.
%.#..#%.#..#..# ()##.....# ##
..#.....#.....#.|$########
..#...%.#.....#[?$#
###################


You could see a red ugly thing and a wraith.

Vanquished Creatures
  3 water moccasins
  Duvessa (D:5)
  2 black bears (D:5)
  2 ogres
  2 bullfrogs (D:6)
  A gnoll sergeant (D:5)
  2 scorpions
  Dowan (D:5)
  A jelly (D:5)
  An orc priest (D:6)
  3 hounds (D:5)
  2 sleepcaps
  3 iguanas
  3 orc wizards
  3 gnolls (D:5)
  11 adders
  2 white imps
  2 ufetubi (D:4)
  6 dart slugs
  6 worms
  17 orcs
  5 endoplasms
  3 giant cockroaches
  7 goblins
  9 hobgoblins
  4 jackals (D:1)
  2 quokkas
  7 ball pythons
  6 bats
  3 frilled lizards
  8 kobolds
  12 rats
140 creatures vanquished.

Notes
Turn   | Place    | Note
-------+----------+-------------------------------------------
     0 | D:1      | qw the Gargoyle Hunter began the quest for the Orb.
     0 | D:1      | Reached XP level 1. HP: 12/12 MP: 1/1
     0 | D:1      | 0 ||| qw: Version: 0.3-a-76-g4403597
     0 | D:1      | 0 ||| qw: Game counter: 970
     0 | D:1      | 0 ||| qw: Melee chars always use a shield: true
     0 | D:1      | 0 ||| qw: God list: Okawaru
     0 | D:1      | 0 ||| qw: Allow faded altars: false
     0 | D:1      | 0 ||| qw: Do Orc after clearing Dungeon:15 true
     0 | D:1      | 0 ||| qw: Do second Lair branch before Depths: true
     0 | D:1      | 0 ||| qw: Lair rune preference: random
     0 | D:1      | 0 ||| qw: Goals: Normal
     0 | D:1      | 0 ||| PLANNING D:1-11
   109 | D:1      | Reached XP level 2. HP: 17/17 MP: 2/2
   387 | D:1      | Reached XP level 3. HP: 15/21 MP: 3/3
   498 | D:1      | 498 ||| UPGRADING to +0 ring mail.
   508 | D:1      | 508 ||| DROPPING +0 leather armour.
   509 | D:1      | 509 ||| UPGRADING to amulet of guardian spirit.
   514 | D:1      | 514 ||| READING scroll labelled IKEMEOKOK.
   517 | D:1      | 517 ||| READING scroll labelled CADIEGEBRI.
   518 | D:1      | 518 ||| DRINKING 2 grey potions.
   519 | D:1      | 519 ||| DROPPING scroll of butterflies.
   618 | D:2      | Reached skill level 1 in Armour
   634 | D:2      | Reached skill level 5 in Ranged Weapons
   748 | D:2      | Found a faded altar of an unknown god.
   756 | D:2      | Reached XP level 4. HP: 27/27 MP: 4/4
   806 | D:2      | Reached skill level 3 in Fighting
  1062 | D:2      | 1062 ||| STAIRDANCE
  1083 | D:1      | 1083 ||| DRINKING 2 inky potions.
  1084 | D:1      | 1084 ||| READING 2 scrolls of identify.
  1084 | D:1      | 1084 ||| IDENTIFYING ruby potion
  1085 | D:1      | 1085 ||| DROPPING potion of berserk rage.
  1432 | D:3      | Identified the +6 sling "Uranin" {freeze, rElec rN+ Str+3
                  | Int+3}
  1434 | D:3      | 1434 ||| SWAPPING to +6 sling "Uranin" {freeze, rElec rN+
                  | Str+3 Int+3}.
  1435 | D:3      | 1435 ||| DROPPING +0 shortbow.
  1451 | D:3      | Found a blossoming altar of Fedhas.
  1571 | D:3      | Found a sacrificial altar of Ru.
  1767 | D:3      | Reached XP level 5. HP: 32/32 MP: 5/5
  1791 | D:3      | Reached skill level 6 in Ranged Weapons
  1865 | D:3      | Found a broken altar of Ashenzari.
  2007 | D:3      | 2007 ||| READING scroll labelled AFEITI YKKIALARY.
  2008 | D:3      | 2008 ||| READING scroll labelled LICSOR FIADGHO.
  2034 | D:4      | 2034 ||| STAIRDANCE
  2039 | D:4      | 2039 ||| STAIRDANCE
  2214 | D:4      | 2214 ||| DRINKING potion of curing.
  2214 | D:4      | 2214 ||| (to cure confusion)
  2217 | D:4      | Reached XP level 6. HP: 38/38 MP: 6/6
  2228 | D:4      | Found a staircase to the Ecumenical Temple.
  2229 | D:4      | 2229 ||| PLANNING TEMPLE
  2229 | D:4      | 2229 ||| READING 3 scrolls labelled KOYFIALURR.
  2230 | D:4      | 2230 ||| DROPPING 2 scrolls of fear.
  2253 | Temple   | Entered the Ecumenical Temple
  2254 | Temple   | 2254 ||| PLANNING D:1-11
  2637 | D:4      | 2637 ||| READING scroll labelled TOIMPI MA MUS.
  2638 | D:4      | 2638 ||| READING scroll labelled FETAQYZUMN.
  2655 | D:5      | Entered Level 5 of the Dungeon
  2794 | D:5      | 2794 ||| RETREATING.
  2796 | D:5      | 2796 ||| Stepping ~*~*~tactically~*~*~ (retreating).
  2808 | D:5      | Reached skill level 7 in Ranged Weapons
  2812 | D:5      | Reached XP level 7. HP: 23/43 MP: 3/7
  2812 | D:5      | 2812 ||| FLEEEEING.
  2813 | D:5      | 2813 ||| FLEEEEING.
  3001 | D:5      | Reached skill level 8 in Ranged Weapons
  3023 | D:5      | Noticed Duvessa
  3023 | D:5      | Noticed Dowan
  3038 | D:5      | Killed Duvessa
  3042 | D:5      | Killed Dowan
  3422 | D:5      | Reached XP level 8. HP: 49/49 MP: 8/8
  3459 | D:5      | Reached skill level 9 in Ranged Weapons
  3499 | D:5      | 3499 ||| RETREATING.
  3506 | D:5      | Reached skill level 6 in Fighting
  3633 | D:5      | 3633 ||| READING scroll labelled PET AM IDOPP.
  3634 | D:5      | 3634 ||| READING 2 scrolls of identify.
  3634 | D:5      | 3634 ||| IDENTIFYING bubbling cyan potion
  3635 | D:5      | 3635 ||| DROPPING potion of ambrosia.
  3755 | D:6      | Found a sparkling altar of Nemelex Xobeh.
  4095 | D:6      | 4095 ||| SWAPPING to +0 orcbow.
  4096 | D:6      | 4096 ||| DROPPING +6 sling "Uranin" {freeze, rElec rN+
                  | Str+3 Int+3}.
  4363 | D:6      | 4363 ||| DROPPING scarf of invisibility.
  4367 | D:6      | 4367 ||| DRINKING 3 murky blue potions.
  4382 | D:6      | 4382 ||| READING 2 scrolls of identify.
  4382 | D:6      | 4382 ||| IDENTIFYING fizzy clear potion
  4383 | D:6      | 4383 ||| DROPPING 2 potions of brilliance.
  4431 | D:6      | Reached skill level 10 in Ranged Weapons
  4431 | D:6      | Reached XP level 9. HP: 26/55 MP: 5/9
  4580 | D:6      | Noticed a red ugly thing
  4581 | D:6      | 4581 ||| RETREATING.
  4584 | D:6      | HP: 7/56 [red ugly thing (20)]
  4584 | D:6      | HP: 1/56 [wraith (6)]
  4585 | D:6      | 4585 ||| READING 2 scrolls of teleportation.
  4585 | D:6      | Slain by a red ugly thing

Levels and vault maps discovered:
D:1:      amcnicky_arrival_blooded_trapdoor, layout_rooms
D:2:      layout_loops_ring, nicolae_ecumenical_oubliette
D:3:      layout_basic, old_standard_altar, nicolae_ru_great_annihilating_truth,
          marbit_many_paths, minivault_26
D:4:      layout_rooms, minmay_temple_entry_junction, st_stairs_8, minivault_5,
          minmay_misc_feat_hallway, kennysheep_big_empty_room
D:5:      layout_basic, uniq_duvessa
D:6:      kennysheep_windowed_halls, layout_loops_ring,
          nemelex_spade_bored_becter, kennysheep_nub
Temple:   nicolae_temple_no_exploring_needed

Skill      XL: |  1  2  3  4  5  6  7  8 |
---------------+-------------------------+-----
Armour         | 1 2 |  2.5
Ranged Weapons | 5 6 7 8 10 | 10.2
Fighting       | 3 4 5 6 |  6.5
Dodging        | 2 |  2.1
Stealth        | |  1.1

Action                     |  1- 3 |  4- 6 |  7- 9 || total
---------------------------+-------+-------+-------++-------
   Fire: Shortbow          |   136 |    66 |       ||   202
         Sling             |       |   133 |    93 ||   226
         Orcbow            |       |       |    71 ||    71
    Use: Scroll            |     2 |     6 |     4 ||    12
         Potion            |     1 |     2 |     1 ||     4
 Armour: Leather armour    |    31 |       |       ||    31
         Ring mail         |    25 |    55 |    83 ||   163
  Dodge: Dodged            |    47 |    27 |    63 ||   137

Table legend:
 A = Non-vault XP
 B = Vault XP
 C = Vault XP percentage of total XP
 D = Non-vault monster count
 E = Vault monster count
 F = Vault count percentage of total count
                 A         B        C        D         E       F
            +---------+---------+-------+---------+---------+-------
      Total |    2149 |     371 |  14.7 |     126 |      14 |  10.0
            +---------+---------+-------+---------+---------+-------
        D:1 |      37 |       0 |   0.0 |      23 |       0 |   0.0
        D:2 |      75 |       0 |   0.0 |      23 |       0 |   0.0
        D:3 |     109 |      11 |   9.2 |      27 |       6 |  18.2
        D:4 |     197 |       0 |   0.0 |      22 |       0 |   0.0
        D:5 |    1209 |     198 |  14.1 |      22 |       2 |   8.3
        D:6 |     522 |     162 |  23.7 |       9 |       6 |  40.0
            +---------+---------+-------+---------+---------+-------
